Workbook
Name Razčlenjevalnik_Obcina: #N/A
Name Razčlenjevalnik_Regija: #N/A
Name Razčlenjevalnik_Spode: #N/A

Sheet kriteriji izločitve
A2: Datum: 28. 10. 2026
A4: KRITERIJI IZLOČITVE PO METODOLOGIJI MINISTRSTVA ZA GOSPODARSTVO, DELO IN ŠPORT
A6: 1. | B6: manj kot 2 zaposlena v 2025 (pri samostojnih podjetnikih se upošteva nosilec dejavnosti + 1 zaposlen)
A7: 2. | B7: čisti prihodki od prodaje v letu 2025 < 195.000 EUR1
A8: 3. | B8: izguba na substanci (negativna dodana vrednost) v 2025
A9: 4. | B9: ni podatkov za 2021
A10: 5. | B10: podjetja, ki niso poslovala 12 mesecev v 2021 ali 2025
A11: 6. | B11: podjetja, ki so imela v letu 2025 manj zaposlenih kot v letu 2021
A12: 7. | B12: podjetja, ki niso dosegla dvojne rasti čistih prihodkov v gospodarstvu v letu 2025 glede na leto 2021
A13: 8. | B13: podjetja > 50 % v državni lasti
A14: 9. | B14: Podjetja v dejavnostih M,P,T,U,V v letu 2025:
B15: M - poslovanje z nepremičninami
B16: P - dejavnost javne uprave in obrambe, dejavnost obvezne socialne varnosti
B17: T - druge dejavnosti
B18: U - dejavnost gospodinjstev z zaposlenim hišnim osebjem ter proizvodnja za lastno rabo
B19: V - dejavnost eksteritorialnih organizacij in teles
A20: 10. | B20: podjetja, ki so v obdobju 2021 do 2025 kumulativno izkazala čisto izgubo (pri samostojnih podjetnikih negativni poslovni izid)
A21: 11. | B21: podjetja v 2025, ki so imela v letu 2021 izgubo na substanci ali dodano vrednost (DV) = 0
A22: 12. | B22: podjetja, pri katerih je DV v letu 2025 < DV v letu 2021
A23: 13. | B23: podjetja, ki so imela v letu 2025 DV na zaposlenega < 39.500 EUR2
A24: 14. | B24: podjetja, ki so imela v letu 2025 negativen kapital/podjetnikov kapital
A25: 1 | B25: kriterij usklajen z letno rastjo čistih prihodkov od prodaje
A26: 2 | B26: kriterij usklajen z letno rastjo DV na zaposlenega

Sheet HRP po obdobjih
A2: ='kriteriji izločitve'!A2 -> Datum: 28. 10. 2026
A4: ŠTEVILO HITRORASTOČIH PODJETIJ PO POSAMEZNIH OBDOBJIH
B6: Obdobje
B7: 2007-2011 | C7: 2008–2012 | D7: 2009-2013 | E7: 2010-2014 | F7: 2011-2015 | G7: 2012-2016 | H7: 2013-2017 | I7: 2014-2018 | J7: 2015-2019 | K7: 2016-2020 | L7: 2017-2021 | M7: 2018-2022 | N7: 2019-2023 | O7: 2020-2024 | P7: 2021-2025
A8: Število podjetij | B8: 131494 | C8: 132619 | D8: 131799 | E8: 131681 | F8: 128030 | G8: 124490 | H8: 122942 | I8: 122088 | J8: 120459 | K8: 119453 | L8: 119632 | M8: 119710 | N8: 122280 | O8: 123821 | P8: 125917
A9: HRP | B9: 4380 | C9: 3725 | D9: 3867 | E9: 4709 | F9: 5405 | G9: 6150 | H9: 5366 | I9: 5347 | J9: 5905 | K9: 6930 | L9: 4145 | M9: 3074 | N9: 3277 | O9: 3369 | P9: 4797
A10: HRP / št. podjetij, v % | B10: 3.3 | C10: 2.8 | D10: 2.9 | E10: 3.6 | F10: 4.2 | G10: 4.9 | H10: 4.4 | I10: 4.4 | J10: 4.9 | K10: 5.8 | L10: 3.5 | M10: 2.6 | N10: 2.6799149 | O10: 2.7208632 | P10: 3.8096524

Sheet HRP po velikosti
A2: ='kriteriji izločitve'!A2 -> Datum: 28. 10. 2026
A4: ŠTEVILO HITRO RASTOČIH PODJETIJ V OBDOBJU 2021-2025 PO VELIKOSTI
A6: velikost | B6: število podjetij | C6: HRP | E6: HRP / št. podjetij v %
C7: število | D7: delež v %
A8: MIKRO | B8: 113225 | C8: 2234 | D8: 46.570773 | E8: 1.9730625
A9: MAJHNA | B9: 11094 | C9: 2190 | D9: 45.653533 | E9: 19.7404
A10: SREDNJA | B10: 1269 | C10: 296 | D10: 6.1705232 | E10: 23.325453
A11: VELIKA | B11: 329 | C11: 77 | D11: 1.6051699 | E11: 23.404255
A12: SKUPAJ | B12: 125917 | C12: 4797 | D12: 100 | E12: 3.8096524

Sheet HRP po regijah
A2: ='kriteriji izločitve'!A2 -> Datum: 28. 10. 2026
A4: ŠTEVILO HITRO RASTOČIH PODJETIJ V OBDOBJU 2021-2025 PO REGIJAH
A6: regija | B6: število podjetij | C6: HRP | E6: HRP / št. podjetij v %
C7: število | D7: delež v %
A8: POMURSKA | B8: 4316 | C8: 155 | D8: 3.2311862 | E8: 3.5912882
A9: PODRAVSKA | B9: 17903 | C9: 654 | D9: 13.633521 | E9: 3.653019
A10: KOROŠKA | B10: 3155 | C10: 137 | D10: 2.8559516 | E10: 4.3423138
A11: SAVINJSKA | B11: 14727 | C11: 540 | D11: 11.257036 | E11: 3.6667346
A12: ZASAVSKA | B12: 2292 | C12: 70 | D12: 1.4592454 | E12: 3.0541012
A13: POSAVSKA | B13: 3619 | C13: 137 | D13: 2.8559516 | E13: 3.7855761
A14: JUGOVZHODNA SLOVENIJA | B14: 6472 | C14: 211 | D14: 4.3985824 | E14: 3.2601978
A15: OSREDNJESLOVENSKA | B15: 44793 | C15: 1841 | D15: 38.378153 | E15: 4.1100172
A16: GORENJSKA | B16: 11400 | C16: 426 | D16: 8.8805503 | E16: 3.7368421
A17: PRIMORSKO-NOTRANJSKA | B17: 2599 | C17: 80 | D17: 1.667709 | E17: 3.078107
A18: GORIŠKA | B18: 6398 | C18: 253 | D18: 5.2741297 | E18: 3.9543607
A19: OBALNO-KRAŠKA | B19: 8243 | C19: 293 | D19: 6.1079842 | E19: 3.5545311
A20: SKUPAJ | B20: 125917 | C20: 4797 | D20: 100 | E20: 3.8096524

Sheet HRP po pravno org. obliki
A2: ='kriteriji izločitve'!A2 -> Datum: 28. 10. 2026
A4: ŠTEVILO HITRO RASTOČIH PODJETIJ V OBDOBJU 2021-2025 PO PRAVNO-ORGANIZACIJSKI OBLIKI
A6: pravno-organizacijska oblika | B6: število podjetij | C6: HRP | E6: HRP / št. podjetij v %
C7: število | D7: delež v %
A8: Družba z neomejeno odgovornostjo d.n.o. | B8: 253 | C8: 4 | D8: 0.083385449 | E8: 1.5810277
A9: Komanditna družba k.d. | B9: 141 | C9: 2 | D9: 0.041692725 | E9: 1.4184397
A10: Družba z omejeno odgovornostjo d.o.o. | B10: 73195 | C10: 4232 | D10: 88.221805 | E10: 5.7818157
A11: Delniška družba d.d. | B11: 265 | C11: 32 | D11: 0.66708359 | E11: 12.075472
A12: Gospodarsko interesno združenje GIZ | B12: 103 | C12: 1 | D12: 0.020846362 | E12: 0.97087379
A13: Evropska delniška družba SE | B13: 1 | C13: - | D13: - | E13: -
A14: Evropsko gospodarsko interesno združenje EGIZ | B14: 2 | C14: - | D14: - | E14: -
A15: Podružnica tujega podjetja | B15: 324 | C15: 7 | D15: 0.14592454 | E15: 2.1604938
A16: Samostojni podjetnik posameznik s.p. | B16: 51623 | C16: 517 | D16: 10.777569 | E16: 1.0014916
A17: Sklad | B17: 1 | C17: - | D17: - | E17: -
A18: Javni gospodarski zavod | B18: 5 | C18: 2 | D18: 0.041692725 | E18: 40
A19: Zavod | B19: 4 | C19: - | D19: - | E19: -
A20: SKUPAJ | B20: 125917 | C20: 4797 | D20: 100 | E20: 3.8096524

Sheet HRP po dejavnosti
A2: ='kriteriji izločitve'!A2 -> Datum: 28. 10. 2026
A4: ŠTEVILO HITRO RASTOČIH PODJETIJ V OBDOBJU 2021-2025 PO PODROČJIH DEJAVNOSTI
A6: področje dejavnosti | C6: število podjetij | D6: HRP | F6: HRP / št. podjetij v %
D7: število | E7: delež v %
A8: A | B8: KMETIJSTVO IN LOV, GOZDARSTVO, RIBIŠTVO | C8: 1188 | D8: 29 | E8: 0.60454451 | F8: 2.4410774
A9: B | B9: RUDARSTVO | C9: 86 | D9: 9 | E9: 0.18761726 | F9: 10.465116
A10: C | B10: PREDELOVALNE DEJAVNOSTI | C10: 15294 | D10: 716 | E10: 14.925995 | F10: 4.6815745
A11: D | B11: OSKRBA Z ELEKTRIČNO ENERGIJO, PLINOM, PARO IN HLADNIM ZRAKOM | C11: 913 | D11: 12 | E11: 0.25015635 | F11: 1.3143483
A12: E | B12: OSKRBA Z VODO, RAVNANJE Z ODPLAKAMI IN ODPADKI, SANIRANJE OKOLJA | C12: 359 | D12: 28 | E12: 0.58369814 | F12: 7.7994429
A13: F | B13: GRADBENIŠTVO | C13: 19790 | D13: 661 | E13: 13.779445 | F13: 3.3400707
A14: G | B14: TRGOVINA | C14: 19718 | D14: 796 | E14: 16.593704 | F14: 4.0369206
A15: H | B15: PREVOZ IN SKLADIŠČENJE | C15: 7385 | D15: 581 | E15: 12.111737 | F15: 7.8672986
A16: I | B16: NASTANITVENE IN GOSTINSKE DEJAVNOSTI | C16: 8414 | D16: 360 | E16: 7.5046904 | F16: 4.2785833
A17: J | B17: ZALOŽNIŠTVO, RADIODIFUZIJA TER PRODUKCIJA IN DISTRIBUCIJA VSEBIN | C17: 1392 | D17: 32 | E17: 0.66708359 | F17: 2.2988506
A18: K | B18: DEJAVNOSTI V ZVEZI S TELEKOMUNIKACIJAMI, RAČUNALNIŠKIM PROGRAMIRANJEM, SVETOVANJEM, RAČUNALNIŠKO INFRASTRUKTURO IN DRUGIMI INFORMACIJSKIMI STORITVAMI | C18: 4345 | D18: 269 | E18: 5.6076715 | F18: 6.1910242
A19: L | B19: FINANČNE IN ZAVAROVALNIŠKE DEJAVNOSTI | C19: 1874 | D19: 66 | E19: 1.3758599 | F19: 3.5218783
A20: M | B20: POSLOVANJE Z NEPREMIČNINAMI | C20: 5337 | D20: - | E20: - | F20: -
A21: N | B21: STROKOVNE, ZNANSTVENE IN TEHNIČNE DEJAVNOSTI | C21: 19250 | D21: 769 | E21: 16.030853 | F21: 3.9948052
A22: O | B22: DRUGE RAZNOVRSTNE POSLOVNE DEJAVNOSTI | C22: 4891 | D22: 196 | E22: 4.085887 | F22: 4.0073605
A23: P | B23: DEJAVNOST JAVNE UPRAVE IN OBRAMBE, DEJAVNOST OBVEZNE SOCIALNE VARNOSTI | C23: 28 | D23: - | E23: - | F23: -
A24: Q | B24: IZOBRAŽEVANJE | C24: 2106 | D24: 37 | E24: 0.77131541 | F24: 1.7568851
A25: R | B25: ZDRAVSTVO IN SOCIALNO VARSTVO | C25: 2204 | D25: 181 | E25: 3.7731916 | F25: 8.2123412
A26: S | B26: KULTURNE, ŠPORTNE IN REKREACIJSKE DEJAVNOSTI | C26: 2124 | D26: 55 | E26: 1.1465499 | F26: 2.5894539
A27: T | B27: DRUGE DEJAVNOSTI | C27: 9217 | D27: - | E27: - | F27: -
A28: U | B28: DEJAVNOST GOSPODINJSTEV Z ZAPOSLENIM HIŠNIM OSEBJEM TER PROIZVODNJA ZA LASTNO RABO | C28: 2 | D28: - | E28: - | F28: -
A29: V | B29: DEJAVNOST EKSTERITORIALNIH ORGANIZACIJ IN TELES | C29: - | D29: - | E29: - | F29: -
B30: SKUPAJ | C30: 125917 | D30: 4797 | E30: 100 | F30: 3.8096524

Sheet HRP po letu vpisa
A2: ='kriteriji izločitve'!A2 -> Datum: 28. 10. 2026
A4: ŠTEVILO HITRO RASTOČIH PODJETIJ V OBDOBJU 2021-2025 PO LETU VPISA V SODNI/POSLOVNI REGISTER
A6: leto | B6: število podjetij | C6: HRP | E6: HRP / št. podjetij v %
C7: število | D7: delež v %
A8: pred letom 1990 | B8: 1135 | C8: 74 | D8: 1.5426308 | E8: 6.5198238
A9: 1990 | B9: 3314 | C9: 238 | D9: 4.9614342 | E9: 7.1816536
A10: 1991 | B10: 2014 | C10: 132 | D10: 2.7517198 | E10: 6.5541212
A11: 1992 | B11: 3234 | C11: 181 | D11: 3.7731916 | E11: 5.5967842
A12: 1993 | B12: 2510 | C12: 157 | D12: 3.2728789 | E12: 6.2549801
A13: 1994 | B13: 3089 | C13: 94 | D13: 1.9595581 | E13: 3.043056
A14: 1995 | B14: 1547 | C14: 57 | D14: 1.1882427 | E14: 3.6845507
A15: 1996 | B15: 1366 | C15: 64 | D15: 1.3341672 | E15: 4.6852123
A16: 1997 | B16: 1126 | C16: 43 | D16: 0.89639358 | E16: 3.8188277
A17: 1998 | B17: 1176 | C17: 60 | D17: 1.2507817 | E17: 5.1020408
A18: 1999 | B18: 1165 | C18: 57 | D18: 1.1882427 | E18: 4.8927039
A19: 2000 | B19: 1318 | C19: 67 | D19: 1.3967063 | E19: 5.0834598
A20: 2001 | B20: 1494 | C20: 81 | D20: 1.6885553 | E20: 5.4216867
... A40: 2021 | B40: 5066 | C40: 16 | D40: 0.3335418 | E40: 0.31583103
A41: 2022 | B41: 5688 | C41: - | D41: - | E41: -
A42: 2023 | B42: 6316 | C42: - | D42: - | E42: -
A43: 2024 | B43: 6475 | C43: - | D43: - | E43: -
A44: 2025 | B44: 7316 | C44: - | D44: - | E44: -
A45: SKUPAJ | B45: 125917 | C45: 4797 | D45: 100 | E45: 3.8096524

Sheet HRP po občinah
A2: ='kriteriji izločitve'!A2 -> Datum: 28. 10. 2026
A4: ŠTEVILO HITRO RASTOČIH PODJETIJ V OBDOBJU 2021-2025 PO OBČINAH
A6: zap. št | B6: Občine | C6: Število subjektov | D6: HRP | F6: HRP / št.subjektov v %
D7: Število | E7: Delež v %
A8: 1 | B8: AJDOVŠČINA | C8: 1029 | D8: 44 | E8: 0.91723994 | F8: 4.2759961
A9: 2 | B9: BELTINCI | C9: 268 | D9: 10 | E9: 0.20846362 | F9: 3.7313433
A10: 3 | B10: BLED | C10: 593 | D10: 33 | E10: 0.68792996 | F10: 5.5649241
A11: 4 | B11: BOHINJ | C11: 344 | D11: 17 | E11: 0.35438816 | F11: 4.9418605
A12: 5 | B12: BOROVNICA | C12: 199 | D12: 6 | E12: 0.12507817 | F12: 3.0150754
A13: 6 | B13: BOVEC | C13: 205 | D13: 13 | E13: 0.27100271 | F13: 6.3414634
A14: 7 | B14: BRDA | C14: 219 | D14: 9 | E14: 0.18761726 | F14: 4.109589
A15: 8 | B15: BREZOVICA | C15: 836 | D15: 37 | E15: 0.77131541 | F15: 4.4258373
A16: 9 | B16: BREŽICE | C16: 1224 | D16: 48 | E16: 1.0006254 | F16: 3.9215686
A17: 10 | B17: TIŠINA | C17: 113 | D17: 3 | E17: 0.062539087 | F17: 2.6548673
A18: 11 | B18: CELJE | C18: 3874 | D18: 157 | E18: 3.2728789 | F18: 4.0526588
A19: 12 | B19: CERKLJE NA GORENJSKEM | C19: 560 | D19: 16 | E19: 0.3335418 | F19: 2.8571429
... A37: 30 | B37: GORNJI GRAD | C37: 113 | D37: 4 | E37: 0.083385449 | F37: 3.539823
A38: 31 | B38: GORNJI PETROVCI | C38: 48 | D38: - | E38: - | F38: -
A39: 32 | B39: GROSUPLJE | C39: 1291 | D39: 62 | E39: 1.2924745 | F39: 4.8024787
A40: 33 | B40: ŠALOVCI | C40: 28 | D40: - | E40: - | F40: -
A41: 34 | B41: HRASTNIK | C41: 254 | D41: 9 | E41: 0.18761726 | F41: 3.5433071
A42: 35 | B42: HRPELJE-KOZINA | C42: 312 | D42: 12 | E42: 0.25015635 | F42: 3.8461538
A43: 36 | B43: IDRIJA | C43: 522 | D43: 24 | E43: 0.5003127 | F43: 4.5977011
A44: 37 | B44: IG | C44: 413 | D44: 10 | E44: 0.20846362 | F44: 2.4213075
A45: 38 | B45: ILIRSKA BISTRICA | C45: 619 | D45: 17 | E45: 0.35438816 | F45: 2.7463651
A46: 39 | B46: IVANČNA GORICA | C46: 930 | D46: 35 | E46: 0.72962268 | F46: 3.7634409
A47: 40 | B47: IZOLA | C47: 1387 | D47: 31 | E47: 0.64623723 | F47: 2.2350397
A48: 41 | B48: JESENICE | C48: 684 | D48: 18 | E48: 0.37523452 | F48: 2.6315789
A49: 42 | B49: JURŠINCI | C49: 70 | D49: - | E49: - | F49: -
A50: 43 | B50: KAMNIK | C50: 1799 | D50: 72 | E50: 1.5009381 | F50: 4.0022235
A51: 44 | B51: KANAL | C51: 158 | D51: 6 | E51: 0.12507817 | F51: 3.7974684
A52: 45 | B52: KIDRIČEVO | C52: 280 | D52: 10 | E52: 0.20846362 | F52: 3.5714286
A53: 46 | B53: KOBARID | C53: 194 | D53: 8 | E53: 0.1667709 | F53: 4.1237113
A54: 47 | B54: KOBILJE | C54: 11 | D54: - | E54: - | F54: -
A55: 48 | B55: KOČEVJE | C55: 538 | D55: 14 | E55: 0.29184907 | F55: 2.6022305
A56: 49 | B56: KOMEN | C56: 179 | D56: 8 | E56: 0.1667709 | F56: 4.4692737
A57: 50 | B57: KOPER | C57: 3725 | D57: 149 | E57: 3.106108 | F57: 4
A58: 51 | B58: KOZJE | C58: 123 | D58: 3 | E58: 0.062539087 | F58: 2.4390244
A59: 52 | B59: KRANJ | C59: 3300 | D59: 108 | E59: 2.2514071 | F59: 3.2727273
A60: 53 | B60: KRANJSKA GORA | C60: 276 | D60: 18 | E60: 0.37523452 | F60: 6.5217391
A61: 54 | B61: KRŠKO | C61: 1337 | D61: 49 | E61: 1.0214718 | F61: 3.6649215
A62: 55 | B62: KUNGOTA | C62: 243 | D62: 15 | E62: 0.31269543 | F62: 6.1728395
A63: 56 | B63: KUZMA | C63: 48 | D63: 2 | E63: 0.041692725 | F63: 4.1666667
A64: 57 | B64: LAŠKO | C64: 568 | D64: 16 | E64: 0.3335418 | F64: 2.8169014
A65: 58 | B65: LENART | C65: 438 | D65: 27 | E65: 0.56285178 | F65: 6.1643836
A66: 59 | B66: LENDAVA | C66: 429 | D66: 12 | E66: 0.25015635 | F66: 2.7972028
... A94: 87 | B94: ORMOŽ | C94: 470 | D94: 19 | E94: 0.39608088 | F94: 4.0425532
A95: 88 | B95: OSILNICA | C95: 7 | D95: - | E95: - | F95: -
A96: 89 | B96: PESNICA | C96: 360 | D96: 16 | E96: 0.3335418 | F96: 4.4444444
A97: 90 | B97: PIRAN | C97: 1302 | D97: 37 | E97: 0.77131541 | F97: 2.8417819
A98: 91 | B98: PIVKA | C98: 306 | D98: 8 | E98: 0.1667709 | F98: 2.6143791
A99: 92 | B99: PODČETRTEK | C99: 202 | D99: 8 | E99: 0.1667709 | F99: 3.960396
A100: 93 | B100: PODVELKA | C100: 61 | D100: 1 | E100: 0.020846362 | F100: 1.6393443
A101: 94 | B101: POSTOJNA | C101: 814 | D101: 28 | E101: 0.58369814 | F101: 3.4398034
A102: 95 | B102: PREDDVOR | C102: 189 | D102: 7 | E102: 0.14592454 | F102: 3.7037037
A103: 96 | B103: PTUJ | C103: 1504 | D103: 65 | E103: 1.3550136 | F103: 4.3218085
A104: 97 | B104: PUCONCI | C104: 163 | D104: 3 | E104: 0.062539087 | F104: 1.8404908
A105: 98 | B105: RAČE-FRAM | C105: 398 | D105: 12 | E105: 0.25015635 | F105: 3.0150754
A106: 99 | B106: RADEČE | C106: 155 | D106: 8 | E106: 0.1667709 | F106: 5.1612903
A107: 100 | B107: RADENCI | C107: 160 | D107: 4 | E107: 0.083385449 | F107: 2.5
... A111: 104 | B111: RIBNICA | C111: 453 | D111: 14 | E111: 0.29184907 | F111: 3.0905077
A112: 105 | B112: ROGAŠOVCI | C112: 80 | D112: - | E112: - | F112: -
A113: 106 | B113: ROGAŠKA SLATINA | C113: 755 | D113: 36 | E113: 0.75046904 | F113: 4.7682119
A114: 107 | B114: ROGATEC | C114: 141 | D114: 2 | E114: 0.041692725 | F114: 1.4184397
A115: 108 | B115: RUŠE | C115: 343 | D115: 8 | E115: 0.1667709 | F115: 2.3323615
A116: 109 | B116: SEMIČ | C116: 149 | D116: 4 | E116: 0.083385449 | F116: 2.6845638
A117: 110 | B117: SEVNICA | C117: 751 | D117: 29 | E117: 0.60454451 | F117: 3.861518
A118: 111 | B118: SEŽANA | C118: 1022 | D118: 43 | E118: 0.89639358 | F118: 4.2074364
A119: 112 | B119: SLOVENJ GRADEC | C119: 999 | D119: 52 | E119: 1.0840108 | F119: 5.2052052
A120: 113 | B120: SLOVENSKA BISTRICA | C120: 1530 | D120: 56 | E120: 1.1673963 | F120: 3.6601307
A121: 114 | B121: SLOVENSKE KONJICE | C121: 848 | D121: 28 | E121: 0.58369814 | F121: 3.3018868
A122: 115 | B122: STARŠE | C122: 174 | D122: 6 | E122: 0.12507817 | F122: 3.4482759
A123: 116 | B123: SVETI JURIJ OB ŠČAVNICI | C123: 85 | D123: 2 | E123: 0.041692725 | F123: 2.3529412
A124: 117 | B124: ŠENČUR | C124: 613 | D124: 35 | E124: 0.72962268 | F124: 5.7096248
... A143: 136 | B143: VIPAVA | C143: 266 | D143: 10 | E143: 0.20846362 | F143: 3.7593985
A144: 137 | B144: VITANJE | C144: 69 | D144: - | E144: - | F144: -
A145: 138 | B145: VODICE | C145: 304 | D145: 10 | E145: 0.20846362 | F145: 3.2894737
A146: 139 | B146: VOJNIK | C146: 493 | D146: 14 | E146: 0.29184907 | F146: 2.8397566
A147: 140 | B147: VRHNIKA | C147: 1017 | D147: 37 | E147: 0.77131541 | F147: 3.6381514
A148: 141 | B148: VUZENICA | C148: 97 | D148: 2 | E148: 0.041692725 | F148: 2.0618557
A149: 142 | B149: ZAGORJE OB SAVI | C149: 620 | D149: 15 | E149: 0.31269543 | F149: 2.4193548
A150: 143 | B150: ZAVRČ | C150: 43 | D150: 2 | E150: 0.041692725 | F150: 4.6511628
A151: 144 | B151: ZREČE | C151: 340 | D151: 15 | E151: 0.31269543 | F151: 4.4117647
A152: 146 | B152: ŽELEZNIKI | C152: 259 | D152: 8 | E152: 0.1667709 | F152: 3.0888031
A153: 147 | B153: ŽIRI | C153: 254 | D153: 6 | E153: 0.12507817 | F153: 2.3622047
A154: 148 | B154: BENEDIKT | C154: 95 | D154: 2 | E154: 0.041692725 | F154: 2.1052632
A155: 149 | B155: BISTRICA OB SOTLI | C155: 68 | D155: - | E155: - | F155: -
A156: 150 | B156: BLOKE | C156: 80 | D156: 5 | E156: 0.10423181 | F156: 6.25
A157: 151 | B157: BRASLOVČE | C157: 284 | D157: 8 | E157: 0.1667709 | F157: 2.8169014
A158: 152 | B158: CANKOVA | C158: 59 | D158: 1 | E158: 0.020846362 | F158: 1.6949153
A159: 153 | B159: CERKVENJAK | C159: 86 | D159: 4 | E159: 0.083385449 | F159: 4.6511628
A160: 154 | B160: DOBJE | C160: 36 | D160: 1 | E160: 0.020846362 | F160: 2.7777778
A161: 155 | B161: DOBRNA | C161: 98 | D161: 5 | E161: 0.10423181 | F161: 5.1020408
A162: 156 | B162: DOBROVNIK | C162: 49 | D162: 3 | E162: 0.062539087 | F162: 6.122449
A163: 157 | B163: DOLENJSKE TOPLICE | C163: 145 | D163: 6 | E163: 0.12507817 | F163: 4.137931
A164: 158 | B164: GRAD | C164: 54 | D164: 2 | E164: 0.041692725 | F164: 3.7037037
A165: 159 | B165: HAJDINA | C165: 228 | D165: 8 | E165: 0.1667709 | F165: 3.5087719
A166: 160 | B166: HOČE-SLIVNICA | C166: 692 | D166: 25 | E166: 0.52115906 | F166: 3.6127168
A167: 161 | B167: HODOŠ | C167: 5 | D167: - | E167: - | F167: -
A168: 162 | B168: HORJUL | C168: 173 | D168: 4 | E168: 0.083385449 | F168: 2.3121387
...

Sheet poslovanje HRP v letu 2025
A2: ='kriteriji izločitve'!A2 -> Datum: 28. 10. 2026
A4: PODATKI O POSLOVANJU HITRO RASTOČIH PODJETIJ V LETU 2025
A6: Pomembnejši podatki (zneski v tisoč EUR) | B6: podatki iz letnih poročil vseh podjetij za leto 2025 | C6: podatki iz letnih poročil HRP za leto 2025 | D6: delež v %
B7: a | C7: b | D7: (b/a)
A8: Število podjetij | B8: 125917 | C8: 4797 | D8: 3.8096524
A9: Kapital | B9: 78001436 | C9: 10027574 | D9: 12.855627
A10: Sredstva | B10: 1.4917193e+08 | C10: 21516919 | D10: 14.424241
A11: Dolgoročne in kratkoročne obveznosti | B11: 71170494 | C11: 11489344 | D11: 16.14341
A12: Finančne obveznosti | B12: 34738814 | C12: 4734956.2 | D12: 13.630161
A13: Prihodki | B13: 1.504742e+08 | C13: 30173971 | D13: 20.052588
A14: Čisti prihodki od prodaje | B14: 1.4492174e+08 | C14: 29515813 | D14: 20.366726
A15: Neto dobiček iz poslovanja (EBIT) | B15: 8102947.4 | C15: 2241737.6 | D15: 27.665706
A16: Neto denarni tok iz poslovanja (EBITDA) | B16: 14481524 | C16: 3246723.7 | D16: 22.419765
A17: Stroški plač | B17: 16293217 | C17: 2957255.6 | D17: 18.150225
A18: Število zaposlenih | B18: 564581.86 | C18: 95100.86 | D18: 16.844477
A19: Davek iz dobička | B19: 1570353.7 | C19: 403521 | D19: 25.696186
... A21: Neto dodana vrednost | B21: 37188106 | C21: 7330072.6 | D21: 19.710798
A23: EBIT je dobiček iz poslovanja, zmanjšan za izgubo iz poslovanja.
A24: EBITDA je dobiček iz poslovanja, zmanjšan za izgubo iz poslovanja ter povečan za amortizacijo in odpise vrednosti.
A25: Neto dodana vrednost je dodana vrednost, zmanjšana za izgubo na substanci.
A28: PRIMERJAVA POSLOVANJA MED HITRO RASTOČIMI PODJETJI IN OSTALIMI PODJETJI V LETU 2025

Sheet SEZNAM HRP 2021-2025
A2: ='kriteriji izločitve'!A2 -> Datum: 28. 10. 2026
A4: SEZNAM HITRO RASTOČNIH PODJETIJ V OBDOBJU 2021-2025
I6: Podatki iz letnih poročil za leto 2025 (v EUR)
A7: Matična številka | B7: Davčna številka | C7: Dejavnost SKD | D7: Regija | E7: Občina | F7: Pravno-organizacijska oblika | G7: Velikost | H7: Leto vpisa v register | I7: Naziv | J7: Ulica | K7: Poštna številka | L7: Kraj | M7: Kapital/ Podjetnikov kapital | N7: Sredstva | O7: Dolgoročne in kratkoročne obveznosti | P7: Finančne obveznosti | Q7: Prihodki | R7: Čisti prihodki od prodaje | S7: Dobiček ali izguba iz poslovanja (EBIT)1 | T7: Denarni tok iz poslovanja (EBITDA)2 | U7: Stroški plač | V7: Število zaposlenih | W7: Davek iz dobička | X7: Čisti dobiček / čista izguba Podjetnikov dohodek / negativni poslovni izid | Y7: Dodana vrednost ali izguba na substanci
A8: 1003194000 | B8: 32624417 | C8: H | D8: 12 | E8: 050 | F8: 142 | G8: 1 | H8: 1998 | I8: AVTOPREVOZNIŠTVO SAŠO FERLEŽ S.P. | J8: Hrvatini 157 | K8: 6280 | L8: Ankaran - Ancarano | M8: 1033160 | N8: 1067135 | O8: 33975 | P8: 25671 | Q8: 259096 | R8: 251787 | S8: 86 | T8: 107576 | U8: 25128 | V8: 2.5 | X8: 4518 | Y8: 144857
A9: 1029231000 | B9: 80162690 | C9: H | D9: 08 | E9: 064 | F9: 142 | G9: 1 | H9: 1997 | I9: PREVOZI IN TRGOVINA ŽIBERT ŽIBERT MILAN S.P. | J9: Petkovec 13 | K9: 1373 | L9: Rovte | M9: 316599 | N9: 544092 | O9: 227494 | P9: 180000 | Q9: 687228 | R9: 657472 | S9: 79448 | T9: 156465 | U9: 61785 | V9: 3.02 | X9: 77104 | Y9: 278123
A10: 1036351000 | B10: 34208585 | C10: H | D10: 08 | E10: 061 | F10: 142 | G10: 2 | H10: 1998 | I10: AVTOPREVOZNIŠTVO, STANISLAV KERMAVNER, S.P. | J10: Polje, cesta VI 22 | K10: 1260 | L10: Ljubljana - Polje | M10: 359894 | N10: 572977 | O10: 213083 | P10: 116348 | Q10: 1055688 | R10: 1020743 | S10: 31020 | T10: 114065 | U10: 288912 | V10: 10.33 | X10: 34698 | Y10: 514923
A11: 1043609000 | B11: 57832633 | C11: H | D11: 06 | E11: 009 | F11: 142 | G11: 2 | H11: 1998 | I11: TURISTIČNI PREVOZI LABUS - LAPUH JOŽE, S.P. | J11: Cesta bratov Cerjakov 2 | K11: 8250 | L11: Brežice | M11: 420759 | N11: 1287955 | O11: 867196 | P11: 60144 | Q11: 1028548 | R11: 933208 | S11: 11913 | T11: 154134 | U11: 53391 | V11: 2.77 | X11: 60644 | Y11: 225169
A12: 1053965000 | B12: 78031958 | C12: C | D12: 11 | E12: 001 | F12: 142 | G12: 1 | H12: 1998 | I12: KOVINARSTVO DAVID LIKAR S.P. | J12: Otlica 49 | K12: 5270 | L12: Ajdovščina | M12: 260999 | N12: 311111 | O12: 50112 | P12: 4999 | Q12: 340943 | R12: 340809 | S12: 67268 | T12: 102424 | U12: 20955 | V12: 1.27 | X12: 66795 | Y12: 133534
A13: 1056379000 | B13: 48256161 | C13: N | D13: 04 | E13: 011 | F13: 142 | G13: 1 | H13: 1997 | I13: BOJ STORITVE IN SVETOVANJE BOŽIDAR JURKO S.P. | J13: Smrekarjeva ulica 1 | K13: 3000 | L13: Celje | M13: 89001 | N13: 165505 | O13: 76504 | P13: 48475 | Q13: 260595 | R13: 255511 | S13: 16909 | T13: 42062 | U13: 91407 | V13: 3 | X13: 14983 | Y13: 163661
A14: 1058754000 | B14: 45255270 | C14: A | D14: 07 | E14: 017 | F14: 103 | G14: 2 | H14: 1997 | I14: LESNIKA GOZDARSTVO D.O.O. | J14: Petrova vas 23 | K14: 8340 | L14: Črnomelj | M14: 2107783 | N14: 6962909 | O14: 4855126 | P14: 3457857 | Q14: 7289850 | R14: 6920522 | S14: 281926 | T14: 1063532 | U14: 360539 | V14: 18.35 | W14: 16633 | X14: 175812 | Y14: 1579571
A15: 1073672000 | B15: 43688403 | C15: F | D15: 06 | E15: 054 | F15: 142 | G15: 1 | H15: 1997 | I15: GRADBENA MEHANIZACIJA DAMJAN KOSOVAN S.P. | J15: Jelše 9 | K15: 8273 | L15: Leskovec pri Krškem | M15: 149082 | N15: 390622 | O15: 241540 | P15: 154122 | Q15: 454426 | R15: 454422 | S15: 32936 | T15: 113510 | U15: 86740 | V15: 4.75 | X15: 19721 | Y15: 252827
A16: 1074857000 | B16: 39167208 | C16: L | D16: 02 | E16: 058 | F16: 142 | G16: 1 | H16: 1997 | I16: ZAVAROVALNI ZASTOPNIK, MARKO HAFNER S.P. | J16: Trg osvoboditve 15 | K16: 2230 | L16: Lenart v Slov. goricah | M16: 161542 | N16: 188957 | O16: 27415 | P16: 0 | Q16: 433632 | R16: 433632 | S16: 174951 | T16: 179224 | U16: 108014 | V16: 3 | X16: 138089 | Y16: 324427
A17: 1078623000 | B17: 63033666 | C17: H | D17: 08 | E17: 061 | F17: 142 | G17: 2 | H17: 1997 | I17: AVTOPREVOZNIŠTVO, TRGOVINA IN STORITVE, VINKO TURŠIČ S.P. | J17: Dajnkova ulica 4 | K17: 1000 | L17: Ljubljana | M17: 522650 | N17: 754627 | O17: 231977 | P17: 93164 | Q17: 1924722 | R17: 1912388 | S17: 370205 | T17: 514821 | U17: 358579 | V17: 16.01 | X17: 355703 | Y17: 1028359
A18: 1102346000 | B18: 86427750 | C18: H | D18: 04 | E18: 144 | F18: 142 | G18: 2 | H18: 1998 | I18: AVTOPREVOZNIŠTVO BRANKO PODGRAJŠEK S.P. | J18: Loška gora pri Zrečah 20 | K18: 3214 | L18: Zreče | M18: 1522893 | N18: 1774903 | O18: 252010 | P18: 48357 | Q18: 2706792 | R18: 2637142 | S18: 185593 | T18: 373165 | U18: 328017 | V18: 11 | X18: 189052 | Y18: 794008
A19: 1102737000 | B19: 54441021 | C19: F | D19: 04 | E19: 144 | F19: 142 | G19: 1 | H19: 1998 | I19: VODOVOD - KLEPARSTVO IN GOSTINSTVO JURIJ PETELINEK S.P. | J19: Cesta na Roglo 20A | K19: 3214 | L19: Zreče | M19: 310012 | N19: 365386 | O19: 55374 | P19: 0 | Q19: 623069 | R19: 594927 | S19: 59359 | T19: 102140 | U19: 190606 | V19: 7 | X19: 59846 | Y19: 358540
A20: 1103563000 | B20: 85775576 | C20: H | D20: 04 | E20: 120 | F20: 142 | G20: 1 | H20: 1998 | I20: AVTOPREVOZNIŠTVO VENIŠNIK NENAD S.P. | J20: Ulica Tončke Čečeve 11 | K20: 3230 | L20: Šentjur | M20: 173312 | N20: 277026 | O20: 103714 | P20: 0 | Q20: 372591 | R20: 369618 | S20: 64026 | T20: 86693 | U20: 39988 | V20: 2.38 | X20: 64876 | Y20: 148918
A21: 1103636000 | B21: 71884351 | C21: H | D21: 04 | E21: 154 | F21: 142 | G21: 1 | H21: 1997 | I21: AVTOPREVOZNIŠTVO IN AVTOMEHANIKA JANKO PUŠNIK S.P. | J21: Večje Brdo 18 | K21: 3224 | L21: Dobje pri Planini | M21: 240206 | N21: 347484 | O21: 107278 | P21: 78735 | Q21: 376999 | R21: 357784 | S21: 31085 | T21: 82215 | U21: 53006 | V21: 3 | X21: 27024 | Y21: 167475
A22: 1103822000 | B22: 68647042 | C22: I | D22: 04 | E22: 120 | F22: 142 | G22: 2 | H22: 1998 | I22: GOSTIŠČE MARJAN BOHORČ S.P. | J22: Ulica Dušana Kvedra 44 | K22: 3230 | L22: Šentjur | M22: 649822 | N22: 1423705 | O22: 773882 | P22: 570600 | Q22: 1264179 | R22: 1242002 | S22: 149585 | T22: 214390 | U22: 177742 | V22: 9.61 | X22: 119223 | Y22: 467160
A23: 1104101000 | B23: 93605528 | C23: H | D23: 04 | E23: 120 | F23: 142 | G23: 1 | H23: 1998 | I23: IZKOPI IN PREVOZI SIMON GROBIN S.P. | J23: Loka pri Žusmu 23 | K23: 3223 | L23: Loka pri Žusmu | M23: 405641 | N23: 497602 | O23: 91961 | P23: 39420 | Q23: 440136 | R23: 439255 | S23: 32947 | T23: 95884 | U23: 34145 | V23: 1.92 | X23: 29796 | Y23: 147617
A24: 1105086000 | B24: 25703293 | C24: F | D24: 09 | E24: 122 | F24: 103 | G24: 1 | H24: 1998 | I24: KLIMA KALAN, TRGOVINA, MONTAŽA IN SERVIS HLADILNIH TER KLIMA NAPRAV, D.O.O. | J24: Stara Loka 95A | K24: 4220 | L24: Škofja Loka | M24: 190281 | N24: 299662 | O24: 109381 | P24: 74159 | Q24: 635085 | R24: 631650 | S24: 27093 | T24: 57807 | U24: 118188 | V24: 3.67 | W24: 3720 | X24: 23902 | Y24: 214021
A25: 1105922000 | B25: 31059546 | C25: H | D25: 11 | E25: 128 | F25: 142 | G25: 2 | H25: 1997 | I25: AVTOPREVOZNIŠTVO IN STORITVE S TGM VLADIMIR JEKLIN S.P. | J25: Žabče 35A | K25: 5220 | L25: Tolmin | M25: 967472 | N25: 1690778 | O25: 723306 | P25: 91988 | Q25: 3718007 | R25: 3712776 | S25: 190176 | T25: 409971 | U25: 212614 | V25: 6.95 | X25: 184086 | Y25: 705067
A26: 1108565000 | B26: 87657627 | C26: F | D26: 07 | E26: 130 | F26: 142 | G26: 1 | H26: 1999 | I26: ELEKTROINŠTALACIJE ANDREJ BOBNAR S.P. | J26: Vina Gorica 21 | K26: 8210 | L26: Trebnje | M26: 60039 | N26: 147135 | O26: 87097 | P26: 40000 | Q26: 392592 | R26: 391539 | S26: 74097 | T26: 100148 | U26: 43055 | V26: 2 | X26: 72111 | Y26: 160271
A27: 1108590000 | B27: 45994102 | C27: H | D27: 07 | E27: 130 | F27: 142 | G27: 1 | H27: 1998 | I27: AVTOPREVOZNIŠTVO BOŠTJAN SLAK S.P. | J27: Gorenje Ponikve 32 | K27: 8210 | L27: Trebnje | M27: 91295 | N27: 117343 | O27: 26048 | P27: 0 | Q27: 211271 | R27: 208937 | S27: 21138 | T27: 37742 | U27: 31706 | V27: 1 | X27: 20807 | Y27: 79733
A28: 1121499000 | B28: 26139286 | C28: G | D28: 09 | E28: 131 | F28: 103 | G28: 4 | H28: 1997 | I28: KVIBO, D.O.O. | J28: Mlaka 2A | K28: 4290 | L28: Tržič | M28: 20025413 | N28: 35163610 | O28: 15138197 | P28: 5043465 | Q28: 102779026 | R28: 102549333 | S28: 5205061 | T28: 6867316 | U28: 8052082 | V28: 232.68 | W28: 1064653 | X28: 4092686 | Y28: 17324720
A29: 1121677000 | B29: 77543084 | C29: C | D29: 01 | E29: 029 | F29: 103 | G29: 3 | H29: 1997 | I29: ROSENBAUER, D.O.O. | J29: Ljutomerska cesta 6 | K29: 9250 | L29: Gornja Radgona | M29: 12497444 | N29: 30442055 | O29: 17944611 | P29: 8592119 | Q29: 58991347 | R29: 58511078 | S29: 2268327 | T29: 3024207 | U29: 7981847 | V29: 245.68 | W29: 297746 | X29: 1601473 | Y29: 13050844
A30: 1123955000 | B30: 91391270 | C30: I | D30: 08 | E30: 043 | F30: 103 | G30: 2 | H30: 1997 | I30: NANKING GOSTINSTVO, TURIZEM IN TRGOVINA D.O.O. | J30: Jamova ulica 12 | K30: 1241 | L30: Kamnik | M30: 1788169 | N30: 2505887 | O30: 717718 | P30: 321026 | Q30: 2073128 | R30: 2053420 | S30: 321845 | T30: 420982 | U30: 470914 | V30: 23.58 | W30: 69288 | X30: 250462 | Y30: 1084776
A31: 1124021000 | B31: 43003869 | C31: O | D31: 08 | E31: 061 | F31: 103 | G31: 1 | H31: 1996 | I31: TEATER DRUŽBA ZA UMETNIŠKO USTVARJANJE, D.O.O. | J31: Črna vas 240 | K31: 1000 | L31: Ljubljana | M31: 247121 | N31: 311886 | O31: 64765 | P31: 18889 | Q31: 807721 | R31: 802123 | S31: 36024 | T31: 46821 | U31: 127078 | V31: 3 | W31: 10083 | X31: 31092 | Y31: 207569
A32: 1124196000 | B32: 11443367 | C32: N | D32: 08 | E32: 061 | F32: 103 | G32: 1 | H32: 1997 | I32: SPATIO PODJETJE ZA PROJEKTIRANJE, INŽENIRING IN TRGOVINO, D.O.O., LJUBLJANA | J32: Resljeva cesta 22 | K32: 1000 | L32: Ljubljana | M32: 381091 | N32: 866011 | O32: 484920 | P32: 47053 | Q32: 849182 | R32: 848936 | S32: 10849 | T32: 46965 | U32: 51417 | V32: 2 | W32: 1526 | X32: 4196 | Y32: 116326
A33: 1124773000 | B33: 57322503 | C33: G | D33: 08 | E33: 061 | F33: 103 | G33: 4 | H33: 1997 | I33: SCANIA SLOVENIJA D.O.O. | J33: Cesta v Gorice 28 | K33: 1000 | L33: Ljubljana | M33: 9248367 | N33: 36626692 | O33: 27378326 | P33: 5952768 | Q33: 130842397 | R33: 130399367 | S33: 6635932 | T33: 9338933 | U33: 5327040 | V33: 102.04 | W33: 1667892 | X33: 4609824 | Y33: 16155542
A34: 1124781000 | B34: 16132106 | C34: N | D34: 09 | E34: 117 | F34: 103 | G34: 2 | H34: 1997 | I34: HOPING DRUŽBA ZA PROJEKTIRANJE, INŽENIRING IN ZASTOPSTVA V INDUSTRIJSKI ENERGETIKI D.O.O. | J34: Poslovna cona A 19 | K34: 4208 | L34: Šenčur | M34: 631959 | N34: 2100521 | O34: 1468562 | P34: 108885 | Q34: 3848917 | R34: 3848911 | S34: 650625 | T34: 667390 | U34: 254431 | V34: 5.56 | W34: 131198 | X34: 515167 | Y34: 1000165
A35: 1124919000 | B35: 43949380 | C35: N | D35: 08 | E35: 022 | F35: 103 | G35: 1 | H35: 1997 | I35: ZADRAVEC KNJIGOVODSKE IN RAČUNOVODSKE STORITVE D.O.O. | J35: Kamnica 50 | K35: 1262 | L35: Dol pri Ljubljani | M35: 247504 | N35: 333330 | O35: 85826 | P35: 43389 | Q35: 490711 | R35: 489457 | S35: 24786 | T35: 40076 | U35: 250816 | V35: 8.01 | W35: 5830 | X35: 18208 | Y35: 376166
A36: 1125281000 | B36: 30412404 | C36: H | D36: 08 | E36: 023 | F36: 103 | G36: 2 | H36: 1997 | I36: TAVNA TRANS DRUŽBA ZA TRANSPORT IN ŠPEDICIJO D.O.O. | J36: Ljubljanska cesta 80 | K36: 1230 | L36: Domžale | M36: 496306 | N36: 1090519 | O36: 594213 | P36: 411012 | Q36: 1301238 | R36: 1292538 | S36: 86590 | T36: 219476 | U36: 148963 | V36: 9.05 | W36: 6051 | X36: 68261 | Y36: 418058
A37: 1189298000 | B37: 46014365 | C37: N | D37: 02 | E37: 070 | F37: 103 | G37: 2 | H37: 1997 | I37: DEUTZ ENGINEERING DRUŽBA ZA PROJEKTIRANJE IN TRGOVINO D.O.O. | J37: Pobreška cesta 20 | K37: 2000 | L37: Maribor | M37: 939782 | N37: 1259882 | O37: 320101 | P37: 333 | Q37: 3346814 | R37: 3328438 | S37: 134540 | T37: 221277 | U37: 1845607 | V37: 45.54 | W37: 11222 | X37: 123313 | Y37: 2644663
A38: 1189484000 | B38: 86145398 | C38: C | D38: 02 | E38: 118 | F38: 103 | G38: 3 | H38: 1997 | I38: PALOMA PIS D.O.O. | J38: Sladki Vrh 1 | K38: 2214 | L38: Sladki Vrh | M38: 2219962 | N38: 89126807 | O38: 86906844 | P38: 70365497 | Q38: 10392021 | R38: 9923251 | S38: 1772814 | T38: 4256246 | U38: 3037232 | V38: 114.01 | W38: 139805 | X38: 1556550 | Y38: 8517322
A39: 1189522000 | B39: 82765456 | C39: I | D39: 12 | E39: 111 | F39: 103 | G39: 2 | H39: 1997 | I39: TIM INTERNATIONAL, TRGOVINA IN STORITVE, D.O.O. | J39: Križ 263 | K39: 6210 | L39: Sežana | M39: 1251833 | N39: 1631996 | O39: 380162 | P39: 130448 | Q39: 3789699 | R39: 3789699 | S39: 315052 | T39: 348760 | U39: 771239 | V39: 29.45 | W39: 68359 | X39: 242364 | Y39: 1539882
... A62: 1215701000 | B62: 16234227 | C62: R | D62: 08 | E62: 061 | F62: 103 | G62: 1 | H62: 1997 | I62: MEDILASE, ZASEBNA ZDRAVSTVENA AMBULANTA, D.O.O. | J62: Tbilisijska ulica 59 | K62: 1000 | L62: Ljubljana | M62: 671645 | N62: 763978 | O62: 92332 | P62: 0 | Q62: 757185 | R62: 747978 | S62: 140494 | T62: 199793 | U62: 133157 | V62: 4.6 | W62: 18409 | X62: 122945 | Y62: 375114
A63: 1219421000 | B63: 74467638 | C63: H | D63: 02 | E63: 196 | F63: 142 | G63: 1 | H63: 1998 | I63: RAKUŠ DARKO S.P. AVTOPREVOZNIŠTVO | J63: Medribnik 15B | K63: 2282 | L63: Cirkulane | M63: 455842 | N63: 496629 | O63: 40787 | P63: 0 | Q63: 297854 | R63: 294248 | S63: 29202 | T63: 72200 | U63: 33636 | V63: 2 | X63: 27960 | Y63: 119737
A64: 1222031000 | B64: 36758353 | C64: G | D64: 04 | E64: 106 | F64: 142 | G64: 2 | H64: 1999 | I64: TRGOVINA Z LESOM, PREVOZNIŠTVO, GOZDARSTVO ALEKSANDER ŠKET S.P. | J64: Irje 3D | K64: 3250 | L64: Rogaška Slatina | M64: 1206268 | N64: 1519155 | O64: 312887 | P64: 186952 | Q64: 1868663 | R64: 1868663 | S64: 54417 | T64: 142819 | U64: 122900 | V64: 4 | X64: 54417 | Y64: 364783
A65: 1223488000 | B65: 79666264 | C65: C | D65: 02 | E65: 113 | F65: 142 | G65: 2 | H65: 1999 | I65: EETI,ELEKTROMEHANIKA ZA TT NAPRAVE, MONTAŽA ANTEN IN NOSILCEV,ELEKTROENERGETSKI IN VARSTVENOTEHNIČNI INŽENIRING,IZGRADNJA,PREGLED,VZDRŽEVANJE IN UPRAVLJANJE ELEKTROENERGETSKIH SISTEMOV, JANEZ ING.JAVŠOVEC S.P. | J65: Cigonca 73 | K65: 2310 | L65: Slovenska Bistrica | M65: 1598363 | N65: 2568118 | O65: 969754 | P65: 0 | Q65: 2428124 | R65: 2419277 | S65: 18229 | T65: 210361 | U65: 249193 | V65: 9.16 | X65: 9396 | Y65: 558271
A66: 1233106000 | B66: 89913035 | C66: N | D66: 08 | E66: 061 | F66: 103 | G66: 1 | H66: 1998 | I66: PRIJATELJ & PRIJATELJ, FOTOGRAFIJA, OBLIKOVANJE IN TISK, D.O.O. | J66: V dolini 4 | K66: 1000 | L66: Ljubljana | M66: 167086 | N66: 295641 | O66: 128555 | P66: 60601 | Q66: 577555 | R66: 577536 | S66: 6128 | T66: 57036 | U66: 191338 | V66: 5.41 | W66: 591 | X66: 863 | Y66: 323877
A67: 1242873000 | B67: 27954790 | C67: F | D67: 11 | E67: 014 | F67: 142 | G67: 1 | H67: 1999 | I67: ELEKTROSTIK POPRAVILA IN VZDRŽEVANJE EKEKTRIČNIH INŠTALACIJ BOGDAN RUPNIK S.P. | J67: Bukovo 28A | K67: 5282 | L67: Cerkno | M67: 435123 | N67: 719721 | O67: 284598 | P67: 0 | Q67: 455628 | R67: 455366 | S67: 63974 | T67: 78387 | U67: 26553 | V67: 1 | X67: 63704 | Y67: 116543
A68: 1243799000 | B68: 60769084 | C68: J | D68: 08 | E68: 061 | F68: 103 | G68: 2 | H68: 1997 | I68: KARANTANIJA CINEMAS DRUŽBA ZA SVETOVANJE IN FILMSKO PRODUKCIJO D.O.O. LJUBLJANA | J68: Dimičeva ulica 9 | K68: 1000 | L68: Ljubljana | M68: 556330 | N68: 1405499 | O68: 849169 | P68: 143087 | Q68: 1899373 | R68: 1892973 | S68: 79830 | T68: 104123 | U68: 102714 | V68: 5 | W68: 7919 | X68: 27538 | Y68: 284475
A69: 1252879000 | B69: 26898071 | C69: C | D69: 08 | E69: 164 | F69: 103 | G69: 2 | H69: 1998 | I69: LESTUR, PROIZVODNJA IN PRODAJA, D.O.O. | J69: Klanec 35A | K69: 1218 | L69: Komenda | M69: 195948 | N69: 972760 | O69: 776812 | P69: 369387 | Q69: 968307 | R69: 962377 | S69: 33005 | T69: 127363 | U69: 145294 | V69: 7.04 | W69: 2374 | X69: 22312 | Y69: 330568
A70: 1253441000 | B70: 11166797 | C70: N | D70: 02 | E70: 113 | F70: 103 | G70: 2 | H70: 1998 | I70: VETERINARSKA BOLNICA SLOVENSKA BISTRICA D.O.O. | J70: Trgovska ulica 1 | K70: 2310 | L70: Slovenska Bistrica | M70: 3046189 | N70: 3712265 | O70: 666076 | P70: 474067 | Q70: 2836193 | R70: 2820695 | S70: 342353 | T70: 430548 | U70: 897904 | V70: 20.64 | W70: 64333 | X70: 273452 | Y70: 1620993
A71: 1253514000 | B71: 59230827 | C71: G | D71: 08 | E71: 061 | F71: 103 | G71: 2 | H71: 1998 | I71: ANGIOMEDIC, TRGOVINA IN STORITVE, D.O.O. | J71: Zemljemerska ulica 12 | K71: 1000 | L71: Ljubljana | M71: 1129669 | N71: 1253551 | O71: 123882 | P71: 3301 | Q71: 2293089 | R71: 2287583 | S71: 308474 | T71: 326037 | U71: 166302 | V71: 3.34 | W71: 63628 | X71: 239643 | Y71: 528128
A72: 1254502000 | B72: 61968218 | C72: C | D72: 01 | E72: 080 | F72: 103 | G72: 3 | H72: 1998 | I72: TRANSPAK D.O.O. | J72: Noršinska ulica 27 | K72: 9000 | L72: Murska Sobota | M72: 19750187 | N72: 41297811 | O72: 21547624 | P72: 1275183 | Q72: 48352654 | R72: 48404184 | S72: 1809389 | T72: 2607088 | U72: 10845178 | V72: 255.7 | W72: 189692 | X72: 1347778 | Y72: 17283776
A73: 1260677000 | B73: 82958866 | C73: F | D73: 08 | E73: 032 | F73: 142 | G73: 1 | H73: 1999 | I73: MONTAŽA IN SERVIS DVIGAL DAMIJAN KADUNC S.P. | J73: Št. Jurij 123 | K73: 1290 | L73: Grosuplje | M73: 33998 | N73: 81602 | O73: 47605 | P73: 0 | Q73: 417556 | R73: 417556 | S73: 67824 | T73: 74971 | U73: 56053 | V73: 2 | X73: 67824 | Y73: 169362
A74: 1262637000 | B74: 56298897 | C74: H | D74: 11 | E74: 001 | F74: 142 | G74: 1 | H74: 1999 | I74: AVTOPREVOZNIŠTVO PETER CURK, S.P. | J74: Dolga Poljana 47B | K74: 5271 | L74: Vipava | M74: 593241 | N74: 732559 | O74: 139318 | P74: 75 | Q74: 572746 | R74: 572507 | S74: 61826 | T74: 113718 | U74: 48221 | V74: 3 | X74: 62063 | Y74: 182588
A75: 1263404000 | B75: 93680490 | C75: K | D75: 08 | E75: 186 | F75: 103 | G75: 1 | H75: 1998 | I75: FLOPI STORITVE, TRGOVINA IN PROIZVODNJA, D.O.O. | J75: Kidričeva ulica 14A | K75: 1236 | L75: Trzin | M75: 13771 | N75: 77311 | O75: 63540 | P75: 42850 | Q75: 221697 | R75: 221322 | S75: 24904 | T75: 26941 | U75: 71486 | V75: 3 | W75: 5561 | X75: 19715 | Y75: 130937
A76: 1271288000 | B76: 67964672 | C76: N | D76: 04 | E76: 011 | F76: 103 | G76: 1 | H76: 1998 | I76: HASLAUER PROJEKTIRANJE IN SVETOVANJE, D.O.O. | J76: Ulica Matevža Haceta 11 | K76: 3000 | L76: Celje | M76: 164958 | N76: 404184 | O76: 239225 | P76: 62617 | Q76: 340713 | R76: 319950 | S76: 17745 | T76: 42154 | U76: 88535 | V76: 4 | W76: 4115 | X76: 12435 | Y76: 195904
A77: 1271318000 | B77: 71035222 | C77: K | D77: 08 | E77: 061 | F77: 103 | G77: 1 | H77: 1998 | I77: DATA COM. RAČUNALNIŠKE STORITVE, D.O.O. | J77: Tržaška cesta 2 | K77: 1000 | L77: Ljubljana | M77: 85211 | N77: 345884 | O77: 260673 | P77: 128702 | Q77: 364700 | R77: 364321 | S77: 10953 | T77: 58170 | U77: 30997 | V77: 2 | W77: 600 | X77: 4139 | Y77: 105696
A78: 1272853000 | B78: 21931291 | C78: I | D78: 12 | E78: 050 | F78: 103 | G78: 3 | H78: 1998 | I78: ADMIRAL ŠKOFIJE D.O.O. | J78: Spodnje Škofije 259 | K78: 6281 | L78: Škofije | M78: 7360275 | N78: 10435166 | O78: 3074891 | P78: 1509614 | Q78: 11562727 | R78: 11370016 | S78: 1474641 | T78: 2161111 | U78: 1336919 | V78: 54.5 | W78: 120852 | X78: 1362891 | Y78: 4018776
A79: 1272926000 | B79: 83406794 | C79: G | D79: 08 | E79: 061 | F79: 103 | G79: 1 | H79: 1998 | I79: AK PROJEKT, TRGOVINA, PROIZVODNJA IN STORITVE D.O.O. | J79: Tomačevska cesta 1A | K79: 1000 | L79: Ljubljana | M79: 321562 | N79: 778598 | O79: 457036 | P79: 208902 | Q79: 797325 | R79: 795863 | S79: 31596 | T79: 90233 | U79: 166411 | V79: 4.85 | W79: 2463 | X79: 26836 | Y79: 304298
A80: 1273124000 | B80: 39247490 | C80: G | D80: 08 | E80: 061 | F80: 103 | G80: 2 | H80: 1998 | I80: ASBIS TRGOVINA IN STORITVE, D.O.O. | J80: Cesta 24. junija 23 | K80: 1231 | L80: Ljubljana - Črnuče | M80: 996254 | N80: 6138556 | O80: 5142302 | P80: 1400000 | Q80: 20792904 | R80: 18628037 | S80: 228269 | T80: 235291 | U80: 601094 | V80: 15.52 | W80: 38138 | X80: 153953 | Y80: 1029773
A81: 1274040000 | B81: 56195630 | C81: R | D81: 06 | E81: 054 | F81: 103 | G81: 2 | H81: 1998 | I81: ARISTOTEL, ZDRAVSTVENI CENTER D.O.O. | J81: Ulica Ilije Gregoriča 18A | K81: 8270 | L81: Krško | M81: 1966500 | N81: 4358303 | O81: 2391803 | P81: 959972 | Q81: 6839271 | R81: 6808222 | S81: 411202 | T81: 730383 | U81: 2303808 | V81: 56.68 | W81: 41407 | X81: 341770 | Y81: 3871244
A82: 1277146000 | B82: 84684127 | C82: R | D82: 04 | E82: 133 | F82: 103 | G82: 1 | H82: 1998 | I82: GPD GINEKOLOGIJA IN PORODNIŠTVO, POSREDNIŠTVO IN STORITVE, D.O.O. | J82: Sončni grič 7 | K82: 3320 | L82: Velenje | M82: 570574 | N82: 818299 | O82: 247724 | P82: 218334 | Q82: 389404 | R82: 359530 | S82: -14814 | T82: 12274 | U82: 121511 | V82: 3.01 | W82: 2132 | X82: 848 | Y82: 176088
A83: 1277162000 | B83: 57945098 | C83: K | D83: 09 | E83: 122 | F83: 103 | G83: 2 | H83: 1998 | I83: IPLUS DRUŽBA ZA INFORMATIKO D.O.O. | J83: Kidričeva cesta 92 | K83: 4220 | L83: Škofja Loka | M83: 2677796 | N83: 3524126 | O83: 846331 | P83: 38720 | Q83: 5168838 | R83: 5162090 | S83: 1523444 | T83: 1574765 | U83: 1811128 | V83: 40.58 | W83: 292560 | X83: 1226702 | Y83: 4038641
A84: 1277243000 | B84: 38345749 | C84: N | D84: 02 | E84: 169 | F84: 103 | G84: 1 | H84: 1998 | I84: MEISTERWERK, PROIZVODNJA, POSREDNIŠTVO, TRGOVINA, GOSTINSTVO, NAJEMI IN STORITVE D.O.O. | J84: Nad gramoznico 14 | K84: 2204 | L84: Miklavž na Dravskem polju | M84: 270041 | N84: 636656 | O84: 366614 | P84: 227917 | Q84: 976097 | R84: 965461 | S84: 16191 | T84: 42808 | U84: 201263 | V84: 7.59 | W84: 208 | X84: 10643 | Y84: 321287
A85: 1277618000 | B85: 73403563 | C85: N | D85: 12 | E85: 040 | F85: 103 | G85: 1 | H85: 1998 | I85: IGL - PROJEKTIRANJE IN TEHNIČNO SVETOVANJE D.O.O. | J85: Južna cesta 28 | K85: 6310 | L85: Izola - Isola | M85: 222134 | N85: 293730 | O85: 71596 | P85: 39909 | Q85: 235100 | R85: 231412 | S85: 13894 | T85: 31019 | U85: 77037 | V85: 3 | W85: 1292 | X85: 12932 | Y85: 136937
A86: 1277634000 | B86: 34446338 | C86: I | D86: 09 | E86: 003 | F86: 103 | G86: 1 | H86: 1998 | I86: ATS-WILFAN TRGOVINA IN STORITVE D.O.O. | J86: Rečiška cesta 49 | K86: 4260 | L86: Bled | M86: 111292 | N86: 592702 | O86: 481410 | P86: 316054 | Q86: 258578 | R86: 255276 | S86: 16895 | T86: 54988 | U86: 41761 | V86: 2.41 | W86: 2431 | X86: 8855 | Y86: 115035
A87: 1278312000 | B87: 17337046 | C87: K | D87: 08 | E87: 061 | F87: 103 | G87: 2 | H87: 1998 | I87: ADVANT RAČUNALNIŠKI INŽENIRING, KOMUNIKACIJE, SVETOVANJE IN DISTRIBUCIJA D.O.O. | J87: Cesta na Brdo 119A | K87: 1000 | L87: Ljubljana | M87: 3149714 | N87: 4328651 | O87: 1178937 | P87: 5650 | Q87: 7069940 | R87: 7046859 | S87: 1062104 | T87: 1127506 | U87: 986817 | V87: 31.44 | W87: 224120 | X87: 807712 | Y87: 2449593
A88: 1292617000 | B88: 55241352 | C88: H | D88: 01 | E88: 097 | F88: 142 | G88: 1 | H88: 1998 | I88: PREVOZI BRZZI OLGA KUPLEN S.P. | J88: Prosečka vas 20 | K88: 9202 | L88: Mačkovci | M88: 218420 | N88: 909262 | O88: 690842 | P88: 505864 | Q88: 1003522 | R88: 997926 | S88: 224055 | T88: 338450 | U88: 179394 | V88: 5.49 | X88: 214630 | Y88: 575314
A89: 1292803000 | B89: 55055982 | C89: H | D89: 01 | E89: 056 | F89: 142 | G89: 1 | H89: 1998 | I89: PREVOZI, PETEK TOURS, LELA PETEK S.P. | J89: Kuzma 57 | K89: 9263 | L89: Kuzma | M89: 158749 | N89: 257543 | O89: 98795 | P89: 44964 | Q89: 326096 | R89: 326084 | S89: 22986 | T89: 72862 | U89: 17020 | V89: 1 | X89: 15351 | Y89: 93276
A90: 1293737000 | B90: 66449936 | C90: G | D90: 02 | E90: 159 | F90: 103 | G90: 2 | H90: 1998 | I90: SANO SODOBNA PREHRANA ŽIVALI D.O.O. | J90: Hajdoše 41B | K90: 2288 | L90: Hajdina | M90: 1445668 | N90: 1677560 | O90: 231892 | P90: 21581 | Q90: 3657808 | R90: 3644776 | S90: 341730 | T90: 355850 | U90: 208881 | V90: 6 | W90: 73225 | X90: 265966 | Y90: 627473
A91: 1304020000 | B91: 32400306 | C91: K | D91: 08 | E91: 186 | F91: 103 | G91: 2 | H91: 1998 | I91: REALIS INFORMACIJSKE TEHNOLOGIJE, D.O.O. | J91: Ljubljanska cesta 33 | K91: 1236 | L91: Trzin | M91: 5049721 | N91: 5693241 | O91: 643520 | P91: 0 | Q91: 3676707 | R91: 3668742 | S91: 2114095 | T91: 2160520 | U91: 645613 | V91: 18 | W91: 388964 | X91: 1727907 | Y91: 3053218
A92: 1304275000 | B92: 35599618 | C92: J | D92: 08 | E92: 061 | F92: 103 | G92: 2 | H92: 1998 | I92: TAX-FIN-LEX, PRAVNO-POSLOVNI PORTAL, ZALOŽNIŠTVO IN IZOBRAŽEVANJA, D.O.O. | J92: Železna cesta 18 | K92: 1000 | L92: Ljubljana | M92: 1229911 | N92: 1570377 | O92: 340467 | P92: 133333 | Q92: 2481744 | R92: 2456253 | S92: 409742 | T92: 638672 | U92: 706660 | V92: 18.59 | W92: 34126 | X92: 378809 | Y92: 1559511
A93: 1304305000 | B93: 57845018 | C93: G | D93: 08 | E93: 186 | F93: 103 | G93: 3 | H93: 1998 | I93: LOGOS TREND D.O.O. | J93: Brodišče 12 | K93: 1236 | L93: Trzin | M93: 5264092 | N93: 6379577 | O93: 1115485 | P93: 285785 | Q93: 15140995 | R93: 15005301 | S93: 3084719 | T93: 3237512 | U93: 845713 | V93: 13.81 | W93: 625046 | X93: 2206961 | Y93: 4317991
A94: 1307711000 | B94: 31588204 | C94: H | D94: 07 | E94: 104 | F94: 142 | G94: 2 | H94: 2002 | I94: FINSON-PREVOZI POTNIKOV IN BLAGA, POSREDNIŠTVO PRI PRODAJI IZDELKOV IN KOMPENZACIJE SONJA RIGLER S.P. | J94: Cesta IX 5 | K94: 1310 | L94: Ribnica | M94: 558959 | N94: 726197 | O94: 167238 | P94: 109795 | Q94: 1151019 | R94: 1112283 | S94: 37506 | T94: 109437 | U94: 91032 | V94: 3.62 | X94: 36190 | Y94: 234087
A95: 1310135000 | B95: 68403119 | C95: C | D95: 07 | E95: 109 | F95: 142 | G95: 2 | H95: 1999 | I95: STAVBNO POHIŠTVO BKM DUŠAN BEZEK S.P. | J95: Vrtača 15 | K95: 8333 | L95: Semič | M95: 1094672 | N95: 2905379 | O95: 1810707 | P95: 683767 | Q95: 2696691 | R95: 2651971 | S95: 111373 | T95: 332330 | U95: 517105 | V95: 21.76 | X95: 77378 | Y95: 1020997
A96: 1313703000 | B96: 18632335 | C96: N | D96: 12 | E96: 019 | F96: 103 | G96: 1 | H96: 1998 | I96: STUDIO MATEVLJIČ, RAČUNOVODSKE IN POSLOVNE STORITVE TER DAVČNO SVETOVANJE D.O.O. | J96: Kolodvorska ulica 3A | K96: 6215 | L96: Divača | M96: 230084 | N96: 281511 | O96: 51428 | P96: 14 | Q96: 319611 | R96: 316221 | S96: 36433 | T96: 43172 | U96: 78258 | V96: 2.59 | W96: 8968 | X96: 27013 | Y96: 150111
A97: 1315684000 | B97: 80412904 | C97: H | D97: 07 | E97: 085 | F97: 142 | G97: 1 | H97: 1999 | I97: PREVOZI BORISTOUR BORIS TRAVIŽAN S.P. | J97: Dolenje Kamence 49 | K97: 8000 | L97: Novo mesto | M97: 175188 | N97: 327427 | O97: 152239 | P97: 142421 | Q97: 267271 | R97: 266464 | S97: 56252 | T97: 99870 | U97: 29770 | V97: 1 | X97: 53273 | Y97: 139789
A98: 1316664000 | B98: 73054828 | C98: I | D98: 09 | E98: 122 | F98: 103 | G98: 2 | H98: 1998 | I98: ZHANG D.O.O., PODJETJE ZA TRGOVINO IN STORITVE, UVOZ- IZVOZ | J98: Gorenja vas - Reteče 42 | K98: 4220 | L98: Škofja Loka | M98: 1370501 | N98: 1424640 | O98: 54139 | P98: 0 | Q98: 918941 | R98: 912639 | S98: 141337 | T98: 156030 | U98: 199844 | V98: 10.17 | W98: 32564 | X98: 114546 | Y98: 441155
A99: 1316966000 | B99: 99101700 | C99: G | D99: 08 | E99: 023 | F99: 103 | G99: 2 | H99: 1998 | I99: AS AN, PROIZVODNJA, RAZVOJ, TRGOVINA IN STORITVE, D.O.O. | J99: Puchova ulica 7 | K99: 1235 | L99: Radomlje | M99: 1761022 | N99: 4337408 | O99: 2576386 | P99: 2077990 | Q99: 2369922 | R99: 2323748 | S99: 10144 | T99: 278758 | U99: 357932 | V99: 16.71 | W99: 0 | X99: -109083 | Y99: 813312
A100: 1317300000 | B100: 82864578 | C100: I | D100: 01 | E100: 078 | F100: 103 | G100: 3 | H100: 1998 | I100: POČITEK - UŽITEK D.O.O. | J100: Ulica ob igrišču 3 | K100: 9226 | L100: Moravske Toplice | M100: 7148591 | N100: 15943635 | O100: 8795044 | P100: 6248655 | Q100: 7713639 | R100: 7317917 | S100: 1398522 | T100: 2247755 | U100: 2056540 | V100: 88.61 | W100: 250939 | X100: 896389 | Y100: 5018932
A101: 1317709000 | B101: 79617859 | C101: C | D101: 09 | E101: 012 | F101: 103 | G101: 4 | H101: 1998 | I101: BOSCH REXROTH D.O.O. | J101: Zgornji Brnik 410 | K101: 4210 | L101: Brnik - Aerodrom | M101: 20756000 | N101: 82120000 | O101: 61364000 | P101: 47215000 | Q101: 118794000 | R101: 121396000 | S101: 6904000 | T101: 14096000 | U101: 17386000 | V101: 577.16 | W101: 429000 | X101: 3675000 | Y101: 38460000
A102: 1317784000 | B102: 43738451 | C102: R | D102: 09 | E102: 052 | F102: 103 | G102: 1 | H102: 1998 | I102: DOMICIJAN, POTOVALNA IN TURISTIČNA AGENCIJA TER ZOBOZDRAVSTVO, D.O.O. | J102: Pante 11 | K102: 4000 | L102: Kranj | M102: 170128 | N102: 249183 | O102: 79054 | P102: 16519 | Q102: 403087 | R102: 401344 | S102: -3039 | T102: 15886 | U102: 106089 | V102: 3.13 | W102: 0 | X102: -3014 | Y102: 151664
A103: 1318004000 | B103: 85630314 | C103: O | D103: 03 | E103: 025 | F103: 104 | G103: 3 | H103: 1999 | I103: RELAX TURIZEM D.D. | J103: Meža 10 | K103: 2370 | L103: Dravograd | M103: 4863587 | N103: 19440164 | O103: 14576578 | P103: 6051192 | Q103: 39011993 | R103: 38818075 | S103: 236336 | T103: 731671 | U103: 881445 | V103: 38.59 | W103: 6736 | X103: -4134 | Y103: 1996723
A104: 1318705000 | B104: 15233561 | C104: G | D104: 04 | E104: 011 | F104: 103 | G104: 2 | H104: 1998 | I104: HARDSTORE DRUŽBA ZA TRGOVINO IN STORITVE, D.O.O. | J104: Kidričeva ulica 3 | K104: 3000 | L104: Celje | M104: 259345 | N104: 973952 | O104: 714608 | P104: 312870 | Q104: 2243008 | R104: 2228652 | S104: 44829 | T104: 99182 | U104: 312867 | V104: 10 | W104: 9167 | X104: 33463 | Y104: 495781
A105: 1319604000 | B105: 55470629 | C105: H | D105: 08 | E105: 061 | F105: 103 | G105: 2 | H105: 1998 | I105: TONIKA 2 TRGOVINA IN MEDNARODNI TRANSPORT D.O.O. | J105: Bratovševa ploščad 8 | K105: 1000 | L105: Ljubljana | M105: 785783 | N105: 1234875 | O105: 449092 | P105: 132023 | Q105: 1748623 | R105: 1675988 | S105: 25905 | T105: 194657 | U105: 124600 | V105: 8.07 | W105: 4706 | X105: 44572 | Y105: 414866
A106: 1323342000 | B106: 37553992 | C106: G | D106: 08 | E106: 123 | F106: 103 | G106: 3 | H106: 1998 | I106: MAPEI, D.O.O. | J106: Cesta ob Bregu 14 | K106: 1291 | L106: Škofljica | M106: 5831351 | N106: 8683881 | O106: 2852531 | P106: 487522 | Q106: 12697187 | R106: 12663124 | S106: 1924942 | T106: 2335166 | U106: 1418750 | V106: 27.66 | W106: 426437 | X106: 1388759 | Y106: 4209002
A107: 1323474000 | B107: 81398310 | C107: G | D107: 02 | E107: 070 | F107: 103 | G107: 1 | H107: 1998 | I107: SCHAEFFLER SLOVENIJA DRUŽBA ZA PROIZVODNJO, TRGOVINO IN STORITVE, D.O.O. | J107: Glavni trg 17B | K107: 2000 | L107: Maribor | M107: 1205378 | N107: 1288122 | O107: 82744 | P107: 0 | Q107: 837809 | R107: 828670 | S107: 297214 | T107: 325793 | U107: 267600 | V107: 3 | W107: 69272 | X107: 235807 | Y107: 654017
A108: 1323601000 | B108: 99370565 | C108: N | D108: 09 | E108: 003 | F108: 103 | G108: 1 | H108: 1998 | I108: KLAVORA SUPORT, TRGOVSKO FINANČNA DRUŽBA, D.O.O. | J108: Obrne 4 | K108: 4263 | L108: Bohinjska Bela | M108: 225601 | N108: 280928 | O108: 55327 | P108: 0 | Q108: 386340 | R108: 384693 | S108: 52885 | T108: 58436 | U108: 112489 | V108: 3.96 | W108: 10718 | X108: 39873 | Y108: 218115
A109: 1323695000 | B109: 18001467 | C109: N | D109: 02 | E109: 113 | F109: 103 | G109: 2 | H109: 1999 | I109: TEMAT DRUŽBA ZA TEHNIČNO PREIZKUŠANJE, STORITVE IN TRGOVINO D.O.O. | J109: Industrijska ulica 2 | K109: 2310 | L109: Slovenska Bistrica | M109: 2810665 | N109: 3073936 | O109: 263271 | P109: 97023 | Q109: 1969705 | R109: 1949950 | S109: 349302 | T109: 457868 | U109: 703173 | V109: 16 | W109: 73177 | X109: 274732 | Y109: 1429017
... A116: 1328549000 | B116: 37756281 | C116: G | D116: 08 | E116: 061 | F116: 103 | G116: 1 | H116: 1998 | I116: NN INTERNATIONAL STORITVE IN TRGOVINA D.O.O. | J116: Kašeljska cesta 42A | K116: 1000 | L116: Ljubljana | M116: 272546 | N116: 516778 | O116: 244232 | P116: 224376 | Q116: 903165 | R116: 900805 | S116: 43503 | T116: 56408 | U116: 60000 | V116: 2 | W116: 6482 | X116: 27921 | Y116: 136492
A117: 1329146000 | B117: 26848961 | C117: F | D117: 02 | E117: 096 | F117: 142 | G117: 1 | H117: 1999 | I117: FUKS FRANC S.P. - ZIDARSTVO | J117: Rabelčja vas 64 | K117: 2250 | L117: Ptuj | M117: 247800 | N117: 337882 | O117: 90081 | P117: 5814 | Q117: 1602225 | R117: 1599009 | S117: 73936 | T117: 150826 | U117: 193542 | V117: 8.45 | X117: 73014 | Y117: 424011
A118: 1330489000 | B118: 81105100 | C118: G | D118: 04 | E118: 067 | F118: 142 | G118: 2 | H118: 2000 | I118: BIOMASA ROK SUHODOLNIK S.P. | J118: Krnica 52 | K118: 3334 | L118: Luče | M118: 1161434 | N118: 1227144 | O118: 65711 | P118: 0 | Q118: 836977 | R118: 817665 | S118: 83443 | T118: 156972 | U118: 422059 | V118: 15.38 | X118: 84322 | Y118: 727206
A119: 1331388000 | B119: 51593971 | C119: K | D119: 04 | E119: 190 | F119: 104 | G119: 2 | H119: 1998 | I119: NOVA VIZIJA, INFORMACIJSKI INŽENIRING IN SVETOVANJE D.D. | J119: Celjska cesta 9 | K119: 3310 | L119: Žalec | M119: 533506 | N119: 1097624 | O119: 564118 | P119: 30881 | Q119: 3658302 | R119: 3587787 | S119: 466755 | T119: 517374 | U119: 1439479 | V119: 32.9 | W119: 71732 | X119: 391938 | Y119: 2454901
A120: 1338919000 | B120: 72836784 | C120: F | D120: 08 | E120: 043 | F120: 103 | G120: 2 | H120: 1999 | I120: URAL TRGOVSKO IN PROIZVODNO PODJETJE, D.O.O. | J120: Ljubljanska cesta 33A | K120: 1241 | L120: Kamnik | M120: 228469 | N120: 811600 | O120: 583131 | P120: 12935 | Q120: 4767166 | R120: 4765122 | S120: 45048 | T120: 56177 | U120: 119723 | V120: 4.84 | W120: 9663 | X120: 31497 | Y120: 227960
A121: 1347314000 | B121: 22551891 | C121: H | D121: 08 | E121: 164 | F121: 142 | G121: 1 | H121: 1999 | I121: PREVOZI V CESTNEM PROMETU, NATALIJA JAKUPAK S.P. | J121: Gmajnica 5 | K121: 1218 | L121: Komenda | M121: 70884 | N121: 147361 | O121: 76477 | P121: 40031 | Q121: 443360 | R121: 432009 | S121: 50995 | T121: 107096 | U121: 98425 | V121: 4.75 | X121: 46188 | Y121: 237387
A122: 1352547000 | B122: 35141417 | C122: F | D122: 09 | E122: 052 | F122: 142 | G122: 1 | H122: 2000 | I122: PARKETARSTVO MIRKO FLORJANČIČ S.P. | J122: Goriče 33B | K122: 4204 | L122: Golnik | M122: 736873 | N122: 916986 | O122: 180113 | P122: 638 | Q122: 768885 | R122: 765210 | S122: 12229 | T122: 89206 | U122: 110059 | V122: 4.65 | X122: 12418 | Y122: 232464
A123: 1353624000 | B123: 20115504 | C123: G | D123: 08 | E123: 061 | F123: 103 | G123: 2 | H123: 1998 | I123: PREMIER - ADRIA INŽENIRING, TRGOVINA IN STORITVE D.O.O. | J123: Jurčkova cesta 1C | K123: 1000 | L123: Ljubljana | M123: 1175682 | N123: 1447972 | O123: 272290 | P123: 0 | Q123: 2090977 | R123: 1986571 | S123: 209081 | T123: 270927 | U123: 236871 | V123: 5.58 | W123: 69207 | X123: 141867 | Y123: 668843
A124: 1353721000 | B124: 65680626 | C124: O | D124: 08 | E124: 071 | F124: 103 | G124: 1 | H124: 1999 | I124: PALMA ALIBEGIĆ, STORITVE IN TRGOVINA, D.O.O. | J124: Vaše 31M | K124: 1215 | L124: Medvode | M124: 19884 | N124: 165724 | O124: 145840 | P124: 33740 | Q124: 286563 | R124: 286067 | S124: 20116 | T124: 53023 | U124: 47319 | V124: 2.84 | W124: 3280 | X124: 16068 | Y124: 120578
A125: 1353896000 | B125: 61819549 | C125: R | D125: 08 | E125: 061 | F125: 103 | G125: 1 | H125: 1999 | I125: LOTUS ORTODONTIJA, ZOBOZDRAVSTVENA DEJAVNOST, D.O.O. | J125: Šmartinska cesta 56 | K125: 1000 | L125: Ljubljana | M125: 53457 | N125: 102648 | O125: 49191 | P125: 0 | Q125: 299767 | R125: 299339 | S125: 2657 | T125: 11689 | U125: 127090 | V125: 3.57 | W125: 263 | X125: 2465 | Y125: 186465
A126: 1358731000 | B126: 95450521 | C126: F | D126: 12 | E126: 050 | F126: 103 | G126: 2 | H126: 1999 | I126: KOINSTAL INŠTALACIJE IN TRGOVINA D.O.O. | J126: Gažon 1C | K126: 6274 | L126: Šmarje | M126: 1188155 | N126: 1485292 | O126: 297137 | P126: 8784 | Q126: 2468920 | R126: 2444498 | S126: 205008 | T126: 253884 | U126: 355352 | V126: 13.76 | W126: 30092 | X126: 173895 | Y126: 745056
A127: 1358979000 | B127: 55434789 | C127: I | D127: 11 | E127: 128 | F127: 103 | G127: 2 | H127: 1999 | I127: HOTEL DVOREC GOSTINSTVO IN TURIZEM D.O.O. | J127: Mestni trg 3 | K127: 5220 | L127: Tolmin | M127: 579908 | N127: 4353638 | O127: 3773729 | P127: 3373090 | Q127: 1334526 | R127: 1300438 | S127: 204768 | T127: 396098 | U127: 319549 | V127: 11.76 | W127: 11181 | X127: 117726 | Y127: 828546
A128: 1359029000 | B128: 38646188 | C128: N | D128: 08 | E128: 043 | F128: 103 | G128: 1 | H128: 1999 | I128: VARSTVO D.O.O., VARSTVO PRI DELU, VARSTVO PRED POŽAROM IN VARSTVO OKOLJA | J128: Perovo 26 | K128: 1241 | L128: Kamnik | M128: 110753 | N128: 222014 | O128: 111260 | P128: 55648 | Q128: 351337 | R128: 351306 | S128: 18749 | T128: 64129 | U128: 133070 | V128: 3 | W128: 3735 | X128: 11323 | Y128: 232221
A129: 1363352000 | B129: 86720902 | C129: C | D129: 08 | E129: 061 | F129: 103 | G129: 2 | H129: 1999 | I129: LIFT DVIG D.O.O., PODJETJE ZA INŽENIRING, PROIZVODNJO, MONTAŽO IN SERVISIRANJE DVIGALNIH NAPRAV, LJUBLJANA | J129: Tomišeljska ulica 46 | K129: 1000 | L129: Ljubljana | M129: 308038 | N129: 555058 | O129: 247020 | P129: 0 | Q129: 1161223 | R129: 1152605 | S129: 75293 | T129: 98033 | U129: 83952 | V129: 4.77 | W129: 15204 | X129: 60801 | Y129: 215702
A130: 1371258000 | B130: 46921729 | C130: I | D130: 04 | E130: 133 | F130: 142 | G130: 1 | H130: 1999 | I130: OKREPČEVALNICA CARLOS CAFFE, ALEŠ PUKLIČ S.P. | J130: Cesta Simona Blatnika 13 | K130: 3320 | L130: Velenje | M130: 196122 | N130: 562416 | O130: 366294 | P130: 290599 | Q130: 601957 | R130: 601843 | S130: 72590 | T130: 110492 | U130: 91603 | V130: 4.31 | X130: 62369 | Y130: 232522
A131: 1380559000 | B131: 44877056 | C131: G | D131: 08 | E131: 061 | F131: 103 | G131: 2 | H131: 1999 | I131: SIPIC TRGOVINA IN PROIZVODNJA D.O.O. | J131: Koprska ulica 94 | K131: 1000 | L131: Ljubljana | M131: 646203 | N131: 1341230 | O131: 695027 | P131: 298514 | Q131: 2546626 | R131: 2541273 | S131: 47781 | T131: 98303 | U131: 187968 | V131: 10.11 | W131: 8347 | X131: 41842 | Y131: 402733
...

Sheet Pomen oznak na seznamu
A2: POMEN OZNAK NA SEZNAMU HITRO RASTOČIH PODJETIJ 2021-2025
A4: Polje: Regija
A6: šifra | B6: regija
A7: 1 | B7: POMURSKA
A8: 2 | B8: PODRAVSKA
A9: 3 | B9: KOROŠKA
A10: 4 | B10: SAVINJSKA
A11: 5 | B11: ZASAVSKA
A12: 6 | B12: POSAVSKA
A13: 7 | B13: JUGOVZHODNA SLOVENIJA
A14: 8 | B14: OSREDNJESLOVENSKA
A15: 9 | B15: GORENJSKA
A16: 10 | B16: PRIMORSKO-NOTRANJSKA
A17: 11 | B17: GORIŠKA
A18: 12 | B18: OBALNO-KRAŠKA
A21: Polje: Velikost
A23: šifra | B23: velikost
A24: 1 | B24: MIKRO
A25: 2 | B25: MAJHNA
A26: 3 | B26: SREDNJA
A27: 4 | B27: VELIKA
A30: Polje: Pravno-organizacijska oblika
A32: šifra | B32: pravno-organizacijska oblika
A33: 101 | B33: Družba z neomejeno odgovornostjo
A34: 102 | B34: Komanditna družba
A35: 103 | B35: Družba z omejeno odgovornostjo
A36: 104 | B36: Delniška družba
A37: 108 | B37: Gospodarsko interesno združenje GIZ
A38: 141 | B38: Podružnica tujega podjetja
A39: 142 | B39: Samostojni podjetnik posameznik
A40: 352 | B40: Javni gospodarski zavod
A43: Polje: Dejavnost
A45: oznaka | B45: dejavnost
A46: A | B46: KMETIJSTVO IN LOV, GOZDARSTVO, RIBIŠTVO
A47: B | B47: RUDARSTVO
A48: C | B48: PREDELOVALNE DEJAVNOSTI
A49: D | B49: OSKRBA Z ELEKTRIČNO ENERGIJO, PLINOM, PARO IN HLADNIM ZRAKOM
A50: E | B50: OSKRBA Z VODO, RAVNANJE Z ODPLAKAMI IN ODPADKI, SANIRANJE OKOLJA
A51: F | B51: GRADBENIŠTVO
A52: G | B52: TRGOVINA
A53: H | B53: PREVOZ IN SKLADIŠČENJE
A54: I | B54: NASTANITVENE IN GOSTINSKE DEJAVNOSTI
A55: J | B55: ZALOŽNIŠTVO, RADIODIFUZIJA TER PRODUKCIJA IN DISTRIBUCIJA VSEBIN
A56: K | B56: DEJAVNOSTI V ZVEZI S TELEKOMUNIKACIJAMI, RAČUNALNIŠKIM PROGRAMIRANJEM, SVETOVANJEM, RAČUNALNIŠKO INFRASTRUKTURO IN DRUGIMI INFORMACIJSKIMI STORITVAMI
... A62: S | B62: KULTURNE, ŠPORTNE IN REKREACIJSKE DEJAVNOSTI
A66: Polje: Občina
A68: šifra | B68: naziv občine
A69: 1 | B69: AJDOVŠČINA
A70: 213 | B70: ANKARAN/ANCARANO
A71: 195 | B71: APAČE
A72: 2 | B72: BELTINCI
A73: 148 | B73: BENEDIKT
A74: 149 | B74: BISTRICA OB SOTLI
A75: 3 | B75: BLED
A76: 150 | B76: BLOKE
A77: 4 | B77: BOHINJ
A78: 5 | B78: BOROVNICA
A79: 6 | B79: BOVEC
A80: 151 | B80: BRASLOVČE
... A280: 193 | B280: ŽUŽEMBERK

Sheet List1
A1: Občina
A2: 001
A3: 002
A4: 003
A5: 004
A6: 005
A7: 006
A8: 007
A9: 008
A10: 009
A11: 010
A12: 011
... A198: Skupna vsota
